 Dungeon Crawl Stone Soup version 0.29.1-15-g9cfb28693d (webtiles) character file.

Game seed: 4944126448877850856

155 leafyfresh the Sneak (level 5, 0/37 HPs)
             Began as an Octopode Delver on Mar 4, 2023.
             Killed from afar by an orc wizard (8 damage)
             ... with a puff of flame
             ... on level 5 of the Dungeon.
             The game lasted 00:01:23 (820 turns).

leafyfresh the Sneak (Octopode Delver)               Turns: 820, Time: 00:01:24

Health: 0/37       AC:  1    Str: 11    XL:     5   Next: 37%
Magic:  1/1        EV: 14    Int: 15    God:
Gold:   16         SH:  0    Dex: 13    Spells: 3/4 levels left

rFire   . . .      SeeInvis .   g - +1 war axe (antimagic)
rCold   . . .      Faith    .   (no shield)
rNeg    . . .      Spirit   .   (helmet restricted)
rPois   .          Reflect  .   (no amulet)
rElec   .          Harm     .   (no ring)
rCorr   .          Rampage  .   (no ring)
Will    .....                   (no ring)
Stlth   +++++.....              (no ring)
HPRegen 0.12/turn               (no ring)
MPRegen 0.07/turn               (no ring)
                                (no ring)
                                (no ring)

@: no status effects
A: almost no armour, amphibious, 8 rings, camouflage 1, gelatinous body 1,
(nimble swimmer 1), tentacles
a: no special abilities


You were on level 5 of the Dungeon.
You visited 1 branch of the dungeon, and saw 2 of its levels.

You collected 16 gold pieces.

Inventory:

Hand Weapons
 a - a +0 short sword
 g - a +1 antimagic war axe (weapon)
Wands
 f - a wand of digging (3)
Scrolls
 b - a scroll of fog
 c - a scroll of magic mapping
 d - a scroll of fear
Potions
 e - a potion of haste


   Skills:
 + Level 4.1 Fighting
 - Level 2.0 Short Blades
 + Level 3.4 Dodging
 + Level 7.8 Stealth
 + Level 0.6 Poison Magic


You had 3 spell levels left.
You knew the following spells:

 Your Spells              Type           Power      Damage    Failure   Level
a - Sting                 Tmut/Pois      0%         1d3       24%         1

Your spell library contained the following spells:

 Spells                   Type           Power      Damage    Failure   Level
 Poisonous Vapours        Pois/Air       0%         N/A       36%         2
 Olgreb's Toxic Radiance  Pois           1%         N/A       91%         4


Dungeon Overview and Level Annotations

Branches:
Dungeon (6/15)
 Temple: D:4-7

Altars:


Innate Abilities, Weirdness & Mutations

You cannot wear most types of armour.
You are amphibious.
You can wear up to eight rings at the same time.
Your skin changes colour to match your surroundings (Stealth+).
Your rubbery body absorbs attacks. (AC +1, EV +1)
((You are camouflaged when in or above water. (Stealth+)))
You have tentacles for arms and can constrict up to eight enemies at once.


Message History

The orc wizard points at you and mumbles some strange words.
The magic dart hits you!
An orc wizard comes into view. It is wielding a +0 dagger.
There is a stone staircase leading down, spattered with blood here.
Unknown command.
You closely miss the orc priest.
The orc wizard shouts!
You grab the orc priest. You hit the orc. You constrict the orc priest.
The orc priest closely misses you. The orc barely misses you.
An orc comes into view. It is wielding a +0 short sword.
The orc priest looks satisfied for a moment.
The orc barely misses you.
The orc moves out of view.
You hit the orc priest. You squeeze the orc priest!
You kill the orc priest!
You hit the orc. x2
You kill the orc!
The orc hits you with a +0 dagger.
An orc comes into view. It is wielding a +0 club.
The orc misses you.
You see here a +0 whip.
The orc attacks as you move away! The orc barely misses you.
The orc wizard gestures at you while chanting.
You resist with some effort.
You hit the orc. You grab the orc.
The orc is severely wounded.
You constrict the orc.
You kill the orc!
The orc wizard casts a spell at you. The puff of flame hits you!
* * * LOW HITPOINT WARNING * * *
The orc wizard points at you and mumbles some strange words.
The puff of flame misses you.
The orc shouts!
You hit the orc wizard.
The orc wizard's magic leaks into the air.
Your grab misses the orc wizard.
The orc wizard is moderately wounded.
The orc wizard casts a spell at you. The puff of flame hits you!
You die...

...#.....##..o..## #[.
#...............## #..
#...[.>....[..†..# #.#
###...............?#
#.#
.o........o........#
#.# #................#
#..
#....>...........#####
#...o)............####
##...@................
##.....##............
##########..........
##.#....... #.#...#.>.
###.###....#
#..........#
#..........#
#..........<


You could see 2 orc wizards and an orc.

Vanquished Creatures
  A scorpion (D:5)
  A howler monkey (D:5)
  An orc priest (D:5)
  An iguana (D:6)
  4 orcs (D:5)
8 creatures vanquished.

Notes
Turn   | Place    | Note
-------+----------+-------------------------------------------
     0 | D:5      | leafyfresh the Octopode Delver began the quest for the Orb.
     0 | D:5      | Reached XP level 1. HP: 16/16 MP: 1/1
    49 | D:5      | Noticed a howler monkey
    55 | D:5      | Killed a howler monkey
    56 | D:5      | Reached skill level 7 in Stealth
    56 | D:5      | Reached XP level 2. HP: 21/21 MP: 0/2
    56 | D:5      | Reached XP level 3. HP: 26/26 MP: 1/3
    57 | D:5      | Noticed a scorpion
    63 | D:5      | Killed a scorpion
    64 | D:5      | Reached XP level 4. HP: 11/33 MP: 1/4
   551 | D:6      | Reached XP level 5. HP: 9/37 MP: 1/5
   553 | D:6      | Learned a level 1 spell: Sting
   820 | D:5      | Killed from afar by an orc wizard

Illustrated notes

Levels and vault maps discovered:
D:5:      layout_rooms, okawaru_metal_pillars_1_2
D:6:      layout_basic, regret_index_temple_of_mockery, due_unseen_surprise,
          uniq_maggie

Skill      XL: |  1  2  3  4 |
---------------+-------------+-----
Stealth        | 7 |  7.8
Dodging        | 3 |  3.4
Fighting       | 4 |  4.1
Short Blades   | |  2.0
Poison Magic   | |  0.6

Action                   |  1- 3 |  4- 6 || total
-------------------------+-------+-------++-------
Melee: War axe           |     7 |     9 ||    16
       Tentacles         |     4 |     2 ||     6
       Constrict         |     3 |     3 ||     6
       Short sword       |     1 |       ||     1
 Stab: Sleeping          |     1 |     1 ||     2
Dodge: Dodged            |     6 |     8 ||    14
